 Dungeon Crawl Stone Soup version 0.20.1-1-g8b1a95d (webtiles) character file.

9914 Salad the Fighter (level 11, -7/97 HPs)
             Began as a Demigod Fighter on July 14, 2017.
             Killed from afar by an electric eel (9 damage)
             ... with a bolt of electricity
             ... on level 10 of the Dungeon.
             The game lasted 00:20:21 (8798 turns).

Salad the Fighter (Demigod Fighter)                 Turns: 8798, Time: 00:20:21

Health: -7/97      AC: 11    Str: 28    XL:     11   Next: 8%
Magic:  14/14      EV:  9    Int: 10    God:
Gold:   680        SH: 23    Dex: 20    Spells: 10/10 levels left

rFire    + . .     SeeInvis .   e - +4 hand axe (elec)
rCold    . . .     Gourm    .   c - +2 shield
rNeg     . . .     Faith    .   l - +1 leather armour of Plog {rPois Regen+ rCorr}
rPois    +         Spirit   .   v - +2 helmet
rElec    .         Reflect  +   y - +1 cloak {rPois}
rCorr    +         Harm     .   (no gloves)
MR       +....                  (no boots)
Stlth    ++........             t - +4 amulet of reflection
Regen    0.7/turn               r - +3 ring of dexterity
MPRegen  0.2/turn               A - ring "Dorgh" {rF+ Str+5}

@: no status effects
A: large bone plates 1, dopey 1, high mp 1
a: no special abilities


You were on level 10 of the Dungeon.
You were not hungry.

You visited 1 branch of the dungeon, and saw 11 of its levels.
You also visited: Bailey.

You collected 680 gold pieces.

Inventory:

Hand Weapons
 a - a +0 war axe
 e - a +4 hand axe of electrocution (weapon)
Missiles
 u - 3 silver tomahawks (quivered)
Armour
 c - a +2 shield (worn)
 l - the +1 leather armour of Plog (worn) {rPois Regen+ rCorr}
   (You found it on level 6 of the Dungeon)

   It protects you from poison.
   It increases your rate of regeneration.
   It protects you from acid and corrosion.
 v - a +2 helmet (worn)
 y - a +1 cloak of poison resistance (worn)
Jewellery
 h - a +3 ring of evasion
 m - an uncursed amulet of harm
 q - an uncursed ring of stealth
 r - a +3 ring of dexterity (left hand)
 t - a +4 amulet of reflection (around neck)
 z - a +4 amulet of reflection
 A - the ring "Dorgh" (right hand) {rF+ Str+5}
   (You found it on level 6 of the Dungeon)

   [ring of strength]

   It affects your strength (+5).
   It protects you from fire.
Wands
 n - a wand of flame (14/48)
 p - a wand of clouds (3/9)
 s - a wand of random effects (40/48)
 x - a wand of random effects (18/48)
 C - a wand of scattershot (1/9)
Scrolls
 w - 2 scrolls of teleportation
 D - 2 scrolls of remove curse
 E - 2 scrolls of identify
Potions
 b - a potion of degeneration
 d - a potion of might
 k - 2 potions of curing
 o - a potion of invisibility
 B - a potion of brilliance
 F - a potion of flight {unknown}
 G - a potion of lignification {unknown}
 H - a potion of haste {unknown}
 I - a potion of ambrosia {unknown}
Comestibles
 f - a bread ration
 g - a fruit
 i - 13 royal jellies
 j - 3 meat rations


   Skills:
 * Level 9.4 Fighting
 - Level 7.1 Axes
 + Level 8.8 Armour
 - Level 9.0 Shields


You had 10 spell levels left.
You didn't know any spells.

Dungeon Overview and Level Annotations

Branches:
Dungeon (11/15)            Temple (0/1) D:5            Lair (0/6) D:10
    Orc (0/2) D:9

Shops:
D:10 ?:=

Annotations:
D:10 Snorg


Innate Abilities, Weirdness & Mutations

You have an increased reservoir of magic. (+10% MP)
You are partially covered in large bone plates. (SH +4)
You are dopey. (Int -2)


Message History

The ogre closely misses you.
You slash Snorg! Lightning courses through Snorg!
Snorg is moderately wounded.
You closely miss something. You barely miss the ogre. Snorg barely misses you.
You block Snorg's attack. Snorg claws you but does no damage.
The shadow strikes at you from the darkness!
* * * LOW HITPOINT WARNING * * *
Reactivating autopickup.
You block Snorg's attack. Snorg claws you.
* * * LOW HITPOINT WARNING * * *
You block Snorg's attack.
The ogre hits you with a giant spiked club!!
* * * LOW HITPOINT WARNING * * *
The shadow slips into darkness.
The shadow flickers and vanishes!
Deactivating autopickup; reactivate with Ctrl-A.
You block Snorg's attack. x3
The electric eel shoots out a bolt of lightning at you!
The bolt of electricity hits you!
You die...

......≈≈≈≈≈≈≈≈≈≈≈≈≈≈≈.....
.......≈≈≈..≈≈≈≈≈≈..≈.....
.......≈......;..≈........
...........................
......................#.....
..............†>.....###.....
...............T......#......
..............O..............
...........#....@............
..........###................
..........#......#..........
...........................
..........................
........)†)..............
.........###)###........ ...
........##.....##....... ..#
##......##.....# .......


You could see Snorg (berserk), an ogre and an electric eel.

Vanquished Creatures
  A two-headed ogre (D:6)
  An orc knight (Bailey)
  A manticore (D:10)
  A queen bee (D:8)
  3 trolls
  A hornet (D:9)
  2 hippogriffs
  4 yaks (D:10)
  A vampire (D:9)
  Eustachio (D:5)
  A water moccasin (D:9)
  A black bear (D:6)
  Duvessa (D:7)
  8 orc warriors
  2 ice beasts
  A sky beast (D:6)
  4 ogres
  2 wolves
  A centaur (D:9)
  A crocodile (D:8)
  7 big kobolds
  6 gnoll sergeants
  4 bullfrogs
  Dowan (D:7)
  3 scorpions
  17 killer bees
  An electric eel (D:10)
  4 howler monkeys
  A jelly (D:9)
  6 crimson imps
  A quasit (D:7)
  15 hounds
  2 orc priests
  A bullfrog skeleton (D:8)
  A gnoll shaman (D:10)
  4 orc wizards
  Crazy Yiuf (D:3)
  2 centaur skeletons
  Ijyb (D:4)
  Natasha (twice) (D:2)
  4 iguanas
  7 worker ants
  A killer bee zombie (D:8)
  A hound zombie (D:10)
  A worker ant zombie (D:5)
  25 gnolls
  2 howler monkey skeletons
  13 adders
  A shadow imp (D:5)
  2 oozes
  3 adder zombies
  A worm (D:2)
  3 dart slugs
  7 leopard geckos
  28 orcs
  5 giant cockroaches
  9 goblins
  8 hobgoblins
  8 jackals
  17 kobolds
  4 quokkas
  2 ball pythons
  7 bats
  3 frilled lizards
  A jackal zombie (D:5)
  2 leopard gecko skeletons
  7 rats
290 creatures vanquished.

Vanquished Creatures (others)
  A centaur (D:9)
1 creature vanquished.

Grand Total: 291 creatures vanquished

Notes
Turn   | Place    | Note
-------+----------+-------------------------------------------
     0 | D:1      | Salad the Demigod Fighter began the quest for the Orb.
     0 | D:1      | Reached XP level 1. HP: 18/18 MP: 3/3
   222 | D:1      | Reached XP level 2. HP: 24/26 MP: 4/4
   642 | D:2      | Reached XP level 3. HP: 20/33 MP: 5/5
  1311 | D:2      | Noticed Natasha
  1327 | D:2      | Reached XP level 4. HP: 24/40 MP: 6/6
  1328 | D:2      | Killed Natasha
  1496 | D:2      | Noticed Natasha
  1499 | D:2      | Killed Natasha
  1624 | D:3      | Found a runed door.
  1712 | D:3      | Found a deep blue altar of Sif Muna.
  1803 | D:3      | Found a sparkling altar of Nemelex Xobeh.
  1851 | D:3      | Reached XP level 5. HP: 47/47 MP: 7/7
  2275 | D:3      | Noticed Crazy Yiuf
  2278 | D:3      | Killed Crazy Yiuf
  2381 | D:4      | Reached skill level 5 in Fighting
  2389 | D:4      | Found a bloodstained altar of Trog.
  2485 | D:4      | Noticed Ijyb
  2500 | D:4      | Killed Ijyb
  2965 | D:4      | Reached XP level 6. HP: 48/56 MP: 8/8
  3114 | D:4      | Found a glowing silver altar of Zin.
  3521 | D:5      | Entered Level 5 of the Dungeon
  3564 | D:5      | Found a hazy altar of Hepliaklqana.
  3637 | D:5      | Reached skill level 5 in Axes
  3913 | D:5      | Reached XP level 7. HP: 58/61 MP: 9/9
  3936 | D:5      | Noticed Eustachio
  3942 | D:5      | Killed Eustachio
  4108 | D:5      | Found a glowing silver altar of Zin.
  4108 | D:5      | Found a hide-covered altar of Uskayaw.
  4109 | D:5      | Found a bloodstained altar of Trog.
  4109 | D:5      | Found an iron altar of Okawaru.
  4110 | D:5      | Found a burning altar of Makhleb.
  4110 | D:5      | Found an iron altar of Okawaru.
  4114 | D:5      | Found a shattered altar of Ashenzari.
  4114 | D:5      | Found a sacrificial altar of Ru.
  4115 | D:5      | Found an opulent altar of Gozag.
  4115 | D:5      | Found a white marble altar of Elyvilon.
  4116 | D:5      | Found a hide-covered altar of Uskayaw.
  4116 | D:5      | Found a radiant altar of Vehumet.
  4119 | D:5      | Found a staircase to the Ecumenical Temple.
  4330 | D:6      | Got a vibrating wooden ring
  4332 | D:6      | Identified the ring "Dorgh" {rF+ Str+5} (You found it on level 6 of the Dungeon)
  4417 | D:6      | Reached XP level 8. HP: 51/71 MP: 10/10
  4422 | D:6      | Gained mutation: You are dopey. (Int -2) [mutagenic meat]
  4424 | D:6      | Gained mutation: You are weak. (Str -2) [mutagenic meat]
  4425 | D:6      | Gained mutation: You are very dopey. (Int -4) [mutagenic meat]
  4427 | D:6      | Gained mutation: You have a pair of small horns on your head. [mutagenic meat]
  4534 | D:6      | Found a sacrificial altar of Ru.
  4756 | D:6      | Noticed a two-headed ogre
  4766 | D:6      | Killed a two-headed ogre
  4779 | D:6      | Lost mutation: You are very dopey. (Int -4) [potion of mutation]
  4779 | D:6      | Lost mutation: You have a pair of small horns on your head. [potion of mutation]
  4779 | D:6      | Gained mutation: You are partially covered in large bone plates. (SH +4) [potion of mutation]
  4779 | D:6      | Lost mutation: You are weak. (Str -2) [potion of mutation]
  4882 | D:6      | Got a crude leather armour
  4960 | D:7      | Noticed Duvessa
  4973 | D:7      | Killed Duvessa
  4974 | D:7      | Noticed Dowan
  4976 | D:7      | Killed Dowan
  5334 | D:7      | Reached XP level 9. HP: 79/83 MP: 11/11
  6337 | D:8      | Identified the cursed +1 leather armour of Plog {rPois Regen+ rCorr} (You found it on level 6 of the Dungeon)
  6439 | D:8      | Reached skill level 5 in Armour
  6445 | D:8      | Reached skill level 5 in Shields
  6855 | D:9      | Got an ancient chain mail
  6934 | D:9      | Found a flagged portal.
  6952 | Bailey   | Entered a bailey
  6966 | Bailey   | Identified the cursed +1 chain mail of Restlessness {rN+} (You found it on level 9 of the Dungeon)
  7040 | Bailey   | Noticed an orc knight
  7132 | Bailey   | Reached XP level 10. HP: 91/91 MP: 13/13
  7157 | Bailey   | Noticed an orc knight
  7175 | Bailey   | Killed an orc knight
  7949 | D:9      | Found a staircase to the Orcish Mines.
  8203 | D:10     | Entered Level 10 of the Dungeon
  8203 | D:10     | Found Kappuceup's Book Boutique.
  8206 | D:10     | Noticed Snorg
  8213 | D:10     | Found Wiah's Jewellery Shoppe.
  8219 | D:10     | Found a staircase to the Lair.
  8449 | D:10     | Found Jong's Magic Scroll Emporium.
  8690 | D:10     | Noticed a manticore
  8705 | D:10     | Killed a manticore
  8737 | D:10     | Reached XP level 11. HP: 80/97 MP: 14/14
  8796 | D:10     | HP: 1/97 [ogre/giant spiked club (25)]
  8798 | D:10     | Killed from afar by an electric eel

Skill      XL: |  1  2  3  4  5  6  7  8  9 10 11 |
---------------+----------------------------------+-----
Axes           | 2 3 4 6 7 |  7.1
Fighting       | 3 4 5 6 9 |  9.4
Armour         | 6 8 |  8.8
Shields        | 6 8 9 |  9.0

Action                   |  1- 3 |  4- 6 |  7- 9 | 10-12 || total
-------------------------+-------+-------+-------+-------++-------
Melee: War axe           |   113 |       |       |       ||   113
       Hand axe          |    10 |   122 |   302 |   282 ||   716
       Headbutt          |       |       |     8 |       ||     8
Evoke: Wand              |       |     1 |       |     6 ||     7
  Use: Scroll            |     3 |     5 |     9 |     4 ||    21
       Potion            |       |       |     5 |     9 ||    14
 Stab: Sleeping          |       |       |       |     1 ||     1
  Eat: Chunk             |     1 |     4 |    14 |       ||    19
       Bread ration      |       |     1 |       |     1 ||     2
       Royal jelly       |       |       |     2 |       ||     2
Armor: Scale mail        |    51 |    25 |    31 |       ||   107
       Leather armour    |       |       |    15 |    72 ||    87
Dodge: Dodged            |    46 |    24 |    59 |    92 ||   221
Block: Shield            |    80 |    78 |   309 |   450 ||   917
       Reflection        |       |     2 |    11 |    11 ||    24
